 Dungeon Crawl Stone Soup version 0.27.1-33-g824d729ab1 (webtiles) character file.

Game seed: 8956955191358624933

25 Eitrunix the Cudgeller (level 3, -3/23 HPs)
             Began as a Gargoyle Berserker on Dec 25, 2021.
             Was a Follower of Trog.
             Slain by Sigmund (10 damage)
             ... on level 2 of the Dungeon.
             The game lasted 00:08:33 (1380 turns).

Eitrunix the Cudgeller (Gargoyle Berserker)         Turns: 1380, Time: 00:08:34

Health: -3/23      AC:  5    Str: 21    XL:     3   Next: 4%
Magic:  3/3        EV: 11    Int:  7    God:    Trog [*.....]
Gold:   23         SH:  0    Dex:  9    Spells: 2/2 levels left

rFire    . . .     SeeInvis .   a - +0 mace
rCold    . . .     Faith    +   c - +0 buckler
rNeg     + . .     Spirit   .   b - +0 animal skin
rPois    ∞         Reflect  .   (no helmet)
rElec    +         Harm     .   (no cloak)
rCorr    .         Rampage  .   (no gloves)
Will     .....                  (no boots)
Stlth    +.........             f - amulet of faith
HPRegen  0.07/turn              (no ring)
MPRegen  0.08/turn              (no ring)

@: confused
A: sickness immunity, AC +3, negative energy resistance 1, electricity
resistance, torment resistance 1, petrification resistance
a: Renounce Religion, Berserk


You were on level 2 of the Dungeon.
You worshipped Trog.
Trog was aware of your devotion.
You visited 1 branch of the dungeon, and saw 2 of its levels.

You collected 23 gold pieces.

Inventory:

Hand Weapons
 a - a +0 mace (weapon)
Armour
 b - a +0 animal skin (worn)
 c - a +0 buckler (worn)
Jewellery
 f - an amulet of faith (around neck)
Scrolls
 d - a scroll of torment {unknown}
 g - a scroll of amnesia {unknown}
 i - a scroll of holy word {unknown}
 j - 2 scrolls of fog {unknown}
 l - 3 scrolls of identify {unknown}
Potions
 e - 3 potions of curing {unknown}
 h - a potion of lignification {unknown}
 k - a potion of degeneration {unknown}


   Skills:
 - Level 3.2 Fighting
 + Level 4.1 Maces & Flails
 - Level 2.1 Armour
 - Level 1.5 Dodging


You had 2 spell levels left.
You didn't know any spells.
Your spell library contained the following spells:

 Spells                   Type           Power      Damage    Failure   Level
 Stone Arrow              Conj/Erth      0%         3d7       93%         3
 Bolt of Magma            Conj/Fire/Erth 0%         4d4       100%        5
 Shatter                  Erth           0%         3d5*      100%        9


Dungeon Overview and Level Annotations

Branches:
Dungeon (2/15)

Altars:

Annotations:
D:2 Sigmund


Innate Abilities, Weirdness & Mutations

You are immune to sickness and miasma.
Your stone body is resilient. (AC +3)
You are immune to poison.
You resist negative energy. (rN+)
You are resistant to electric shocks. (rElec)
You are resistant to unholy torment.
You are immune to petrification.


Message History

You hit the bat.
The bat is severely wounded.
The bat barely misses you. Something hits you.
The bat hits you but does no damage. Something hits you.
The bat hits you but does no damage. The bat hits you but does no damage.
The bat barely misses you. The bat hits you but does no damage.
You closely miss the bat.
The bat is moderately wounded.
The bat hits you but does no damage. The bat hits you but does no damage. x2
You completely miss the bat.
The bat is moderately wounded.
The bat hits you but does no damage. The bat barely misses you. x2
You closely miss the bat. The bat hits you.
Something hits you but does no damage. The bat hits you but does no damage.
The bat barely misses you. The bat hits you but does no damage.
You block something's attack. The bat hits you.
The bat hits you but does no damage. The bat barely misses you.
You hit the bat.
You kill the bat!
Trog accepts your kill.
You hear some strange, mumbled words.
You are confused.
You bump into the rock wall.
Something hits you.
You bump into the rock wall.
Something completely misses you.
You bump into the rock wall.
You feel less confused.
You hear some strange, mumbled words.
You are confused.
You bump into the rock wall.
Sigmund appears from thin air!
Reactivating autopickup.
You bump into the rock wall.
Sigmund hits you from afar with a +0 scythe.
You bump into the rock wall.
Sigmund hits you from afar with a +0 scythe!
You die...

.. ..#.#
###.###.#
........#
###.##..#
#..# #..#
###.##.@#
........#
###.###@# #.
#.# #
##.###.###
#.#........#
#..........#
...........#
...........#
...........#
.....###.###


You could see Sigmund.

Vanquished Creatures
  An orc (D:2)
  3 endoplasms
  A giant cockroach (D:1)
  4 goblins (D:1)
  2 hobgoblins (D:1)
  A quokka (D:1)
  2 ball pythons (D:1)
  2 bats (D:2)
  A frilled lizard (D:1)
  3 kobolds
  A rat (D:1)
21 creatures vanquished.

Vanquished Creatures (others)
  4 toadstools (D:1)
4 creatures vanquished.

Grand Total: 25 creatures vanquished

Notes
Turn   | Place    | Note
-------+----------+-------------------------------------------
     0 | D:1      | Eitrunix the Gargoyle Berserker began the quest for the
                  | Orb.
     0 | D:1      | Reached XP level 1. HP: 14/14 MP: 1/1
   433 | D:1      | Found a faded altar of an unknown god.
   506 | D:1      | Reached XP level 2. HP: 14/19 MP: 2/2
  1274 | D:2      | Reached skill level 4 in Maces & Flails
  1339 | D:2      | Reached XP level 3. HP: 20/23 MP: 3/3
  1345 | D:2      | Noticed Sigmund
  1380 | D:2      | Slain by Sigmund

Illustrated notes

Levels and vault maps discovered:
D:1:      ldierk_walled_garden_2, layout_basic,
          hellmonk_ecumenical_altar_inner_sanctum, minmay_small_reverse_x
D:2:      layout_basic, uniq_jessica, uniq_robin, uniq_sigmund

Skill      XL: |  1  2 |
---------------+-------+-----
Maces & Flails | 4 |  4.1
Fighting       | |  3.2
Armour         | |  2.1
Dodging        | |  1.5

Action                   || total
-------------------------++-------
Melee: Mace              ||    52
Armor: Animal skin       ||    30
Dodge: Dodged            ||    47
Block: Buckler           ||    13
